 Dungeon Sprint DCSS version 0.21-a0-265-gb353147 (webtiles) character file.

200 Kidiri the Thaumaturge (level 5, -6/30 HPs)
             Began as a Deep Elf Fire Elementalist on Sept 12, 2017.
             Was a Priest of Vehumet.
             Shot with an arrow by a centaur (11 damage)
             ... in the Dungeon (Sprint VII: "The Pits").
             The game lasted 00:03:22 (629 turns).

Kidiri the Thaumaturge (Deep Elf Fire Elementalist)  Turns: 629, Time: 00:03:22

Health: -6/30      AC:  2    Str:  5    XL:     5   Next: 48%
Magic:  13/19      EV: 14    Int: 21    God:    Vehumet [***...]
Gold:   0          SH:  0    Dex: 15    Spells: 6/24 levels left

rFire    . . .     SeeInvis .   k - +2 dagger (drain)
rCold    . . .     Gourm    .   (no shield)
rNeg     . . .     Faith    .   a - +0 robe
rPois    .         Spirit   .   (no helmet)
rElec    .         Reflect  .   (no cloak)
rCorr    .         Harm     .   (no gloves)
MR       .....     NoTele   +   (no boots)
Stlth    ++........             (no amulet)
HPRegen  0.10/turn              (no ring)
MPRegen  0.16/turn              (no ring)

@: no status effects
A: no striking features
a: Renounce Religion


You were in the Dungeon.
You worshipped Vehumet.
Vehumet was most pleased with you.
You were not hungry.

You visited 1 branch

Inventory:

Hand Weapons
 k - a +2 dagger of draining (weapon)
Armour
 a - a +0 robe (worn)
Scrolls
 i - a scroll of blinking
 m - 3 scrolls of remove curse
 n - 5 scrolls of amnesia
 o - a scroll of summoning
Potions
 d - 6 potions of curing
 e - 6 potions of heal wounds
 f - a potion of haste
 g - 4 potions of magic
 h - 3 potions of berserk rage
 l - 2 potions of invisibility
Books
 b - a book of Flames

   Spells                             Type                      Level
   a - Flame Tongue                   Conjuration/Fire             1
   b - Throw Flame                    Conjuration/Fire             2
   c - Conjure Flame                  Conjuration/Fire             3
   d - Inner Flame                    Hexes/Fire                   3
   e - Sticky Flame                   Conjuration/Fire             4
   f - Fireball                       Conjuration/Fire             5
Comestibles
 c - 8 bread rations
 j - 5 chunks of flesh
 p - 40 fruits
 q - 7 meat rations


   Skills:
 + Level 1.7 Fighting
 + Level 2.0 Short Blades
 + Level 1.7 Armour
 + Level 3.8 Dodging
 - Level 2.4 Stealth
 * Level 10.0 Spellcasting
 + Level 5.4 Conjurations
 + Level 6.5 Fire Magic


You had 6 spell levels left.
You knew the following spells:

 Your Spells              Type           Power        Failure   Level  Hunger
a - Flame Tongue          Conj/Fire      #####        1%          1    None
b - Throw Flame           Conj/Fire      #####.       1%          2    None
c - Conjure Flame         Conj/Fire      #####...     1%          3    None
d - Inner Flame           Hex/Fire       ###.....     1%          3    None
e - Sticky Flame          Conj/Fire      #####...     1%          4    ##.....
f - Fireball              Conj/Fire      #####.....   4%          5    ####...


Dungeon Overview and Level Annotations

Branches:
Dungeon (1/1)

Altars:
Ashenzari
Cheibriados
Dithmenos
Elyvilon
Fedhas
Gozag
Hepliaklqana
Kikubaaqudgha
Makhleb
Nemelex Xobeh
Okawaru
Qazlal
Ru
Sif Muna
Trog
Uskayaw
Vehumet
Wu Jian
Xom
Yredelemnul
Zin
The Shining One
Beogh
Jiyva
Lugonu

Annotations:
D Ijyb


Message History

The centaur wields an uncursed shortbow.
The centaur shoots an arrow.
The arrow hits you.
* * * LOW HITPOINT WARNING * * *
The ufetubus hits you.
* * * LOW HITPOINT WARNING * * *
The ufetubus misses you.
You see here 2 arrows.
Unknown command.
Casting: Sticky Flame
Confirm with . or Enter, or press ? or * to list all spells.
Aiming: Sticky Flame
Press: ? - help, Shift-Dir - straight line, f - ufetubus, p - centaur
Aim: an ufetubus The sticky flame hits the ufetubus.
The ufetubus is burned terribly!
You kill the ufetubus!
Vehumet accepts your kill.
You feel your power returning.
Your Short Blades skill increases to level 2!
The centaur shoots an arrow.
The arrow hits you!
You die...

#'#####+#####.....
#.#...#.#[[##.....
#.#..)#.#))#####+#
#.#.(.+.#))##.....
#.##+####))##.....
#.#.(...#..##.....
#.#..)..#+###...<.
#.#........##.....
#@#........##.....
#'###########.....
#c......# ######
#.###...# #g# .#
#.# #.. #.. #..


You could see Ijyb and a centaur.

Vanquished Creatures
  A floating eye (D)
  A phantom (D)
  An ufetubus (D)
  An orc (D)
  A ball python (D)
  2 goblins (D)
  4 jackals (D)
  A kobold (D)
  A frilled lizard (D)
  A rat (D)
14 creatures vanquished.

Notes
Turn   | Place    | Note
-------+----------+-------------------------------------------
     0 | D        | Kidiri the Deep Elf Fire Elementalist began the quest for the Orb.
     0 | D        | Reached XP level 1. HP: 10/10 MP: 6/6
    59 | D        | Found a bloodstained altar of Trog.
    59 | D        | Found a deep blue altar of Sif Muna.
    59 | D        | Found a viscous altar of Jiyva.
    59 | D        | Found a hazy altar of Hepliaklqana.
    59 | D        | Found an opulent altar of Gozag.
    60 | D        | Found a glowing golden altar of the Shining One.
    60 | D        | Found a glowing silver altar of Zin.
    60 | D        | Found a basalt altar of Yredelemnul.
    60 | D        | Found a shimmering altar of Xom.
    60 | D        | Found an ornate altar of the Wu Jian Council.
    60 | D        | Found a sacrificial altar of Ru.
    60 | D        | Found a stormy altar of Qazlal.
    60 | D        | Found an iron altar of Okawaru.
    60 | D        | Found a sparkling altar of Nemelex Xobeh.
    60 | D        | Found a burning altar of Makhleb.
    60 | D        | Found a blossoming altar of Fedhas.
    60 | D        | Found a white marble altar of Elyvilon.
    60 | D        | Found a shadowy altar of Dithmenos.
    60 | D        | Found a snail-covered altar of Cheibriados.
    62 | D        | Found a radiant altar of Vehumet.
    62 | D        | Found a corrupted altar of Lugonu.
    62 | D        | Found a roughly hewn altar of Beogh.
    63 | D        | Found a hide-covered altar of Uskayaw.
    63 | D        | Found an ancient bone altar of Kikubaaqudgha.
    63 | D        | Found a shattered altar of Ashenzari.
    70 | D        | Became a worshipper of Vehumet
   201 | D        | Noticed a floating eye
   206 | D        | Killed a floating eye
   206 | D        | Reached skill level 8 in Spellcasting
   206 | D        | Reached skill level 5 in Fire Magic
   206 | D        | Reached XP level 2. HP: 15/15 MP: 4/13
   206 | D        | Reached XP level 3. HP: 19/19 MP: 4/15
   206 | D        | Reached XP level 4. HP: 24/24 MP: 4/16
   211 | D        | Learned a level 2 spell: Throw Flame
   215 | D        | Learned a level 3 spell: Conjure Flame
   219 | D        | Learned a level 3 spell: Inner Flame
   224 | D        | Learned a level 4 spell: Sticky Flame
   296 | D        | Reached * piety under Vehumet
   296 | D        | Offered knowledge of Magic Dart by Vehumet.
   392 | D        | Noticed a phantom
   399 | D        | Reached skill level 9 in Spellcasting
   402 | D        | Reached ** piety under Vehumet
   402 | D        | Reached *** piety under Vehumet
   418 | D        | Killed a phantom
   418 | D        | Reached skill level 1 in Fighting
   418 | D        | Reached skill level 1 in Short Blades
   418 | D        | Reached skill level 1 in Armour
   418 | D        | Reached skill level 10 in Spellcasting
   418 | D        | Reached skill level 5 in Conjurations
   418 | D        | Reached XP level 5. HP: 20/29 MP: 3/19
   425 | D        | Learned a level 5 spell: Fireball
   514 | D        | Noticed a centaur
   620 | D        | Offered knowledge of Freeze by Vehumet.
   627 | D        | Noticed Ijyb
   629 | D        | Shot with an arrow by a centaur

Vault maps used:
D:        pitsprint

Skill      XL: |  1  2  3  4  5 |
---------------+----------------+-----
Spellcasting   | 8 10 | 10.0
Conjurations   | 4 5 |  5.4
Fire Magic     | 5 6 |  6.5
Fighting       | 1 |  1.7
Short Blades   | 1 2 |  2.0
Armour         | 1 |  1.7
Dodging        | 3 |  3.8
Stealth        | |  2.4

Action                   |  1- 3 |  4- 6 || total
-------------------------+-------+-------++-------
Melee: Unarmed           |     3 |       ||     3
       Dagger            |     1 |     4 ||     5
 Cast: Flame Tongue      |     8 |    11 ||    19
       Inner Flame       |       |     3 ||     3
       Conjure Flame     |       |     1 ||     1
       Throw Flame       |       |     2 ||     2
       Sticky Flame      |       |     1 ||     1
 Stab: Sleeping          |       |     2 ||     2
Armor: Robe              |     1 |     1 ||     2
Dodge: Dodged            |     3 |     7 ||    10

Table legend:
 A = Spawn XP
 B = Non-spawn XP
 C = Spawn XP percentage of total XP
 D = Spawn monster count
 E = Non-spawn monster count
 F = Spawn count percentage of total count
 G = Total turns spent on level
                    A         B        C        D         E        F      G
               +---------+---------+-------+---------+---------+-------+---------
         Total |       0 |     286 |   0.0 |       0 |      14 |   0.0 |   629
               +---------+---------+-------+---------+---------+-------+---------
             D |       0 |     286 |   0.0 |       0 |      14 |   0.0 |   629
               +---------+---------+-------+---------+---------+-------+---------
